 Dungeon Crawl Stone Soup version 0.32-a0-814-g0968bab981 (webtiles) character file.

Game seed: 12671430252330353887

20 warriortoast the Ruffian (level 2, -2/18 HPs)
             Began as an Octopode Shapeshifter on Mar 22, 2024.
             Slain by a gnoll bouda
             ... wielding a +0 club
              (5 damage)
             ... on level 1 of the Dungeon.
             The game lasted 00:01:05 (819 turns).

warriortoast the Ruffian (Octopode Shapeshifter)     Turns: 819, Time: 00:01:07

Health: -2/18      AC:  1    Str: 13    XL:     2   Next: 79%
Magic:  2/2        EV: 12    Int: 12    God:
Gold:   29         SH:  0    Dex: 11    Spells: 1/1 levels left

rFire   . .          .
                       - Unarmed
rCold   . . .        (no shield)
rNeg    . . .        (helmet currently unavailable)
rPois   .            (no amulet)
rElec   .            (no ring)
rCorr   .            (no ring)
SInv    .            (no ring)
Will    .....        (no ring)
Stlth   +++          (no ring)
HPRegen 0.23/turn    (no ring)
MPRegen 0.08/turn    (no ring)
                     (no ring)

%: no passive effects
@: beast-form, weakened
A: beast (slay +1), almost no armour, amphibious, 8 rings, camouflage 1,
gelatinous body 1, (nimble swimmer 1), tentacles
a: Begin Untransformation


You were on level 1 of the Dungeon.
You were a hulking beast.
You visited 1 branch of the dungeon, and saw 2 of its levels.

You collected 29 gold pieces.

Inventory:

Talismans
 b - a beast talisman (active)
 c - a flux talisman
Scrolls
 d - 3 scrolls of identify {unknown}
Potions
 a - a potion of lignification
 e - 2 potions of invisibility {unknown}
 f - a potion of enlightenment {unknown}


   Skills:
 + Level 1.5 Fighting
 - Level 2.0 Dodging
 + Level 1.5 Stealth
 + Level 3.2 Unarmed Combat
 + Level 3.2 Shapeshifting


You had one spell level left.
You didn't know any spells.
Your spell library was empty.

Dungeon Overview and Level Annotations

Branches:
Dungeon (2/15)

Altars:


Innate Abilities, Weirdness & Mutations

You are a hulking beast.
Your limbs bulge with bestial killing power. (Slay +1)
You cannot wear most types of armour.
You are amphibious.
You can wear up to eight rings at the same time.
Your skin changes colour to match your surroundings (Stealth+).
Your rubbery body absorbs attacks. (AC +1, EV +1)
((You are camouflaged when in or above water. (Stealth+)))
You have tentacles for arms and can constrict up to eight enemies at once.


Message History

You feel your attacks grow feeble.
The gnoll bouda gazes fiercely through you!
You feel as though you will be weak longer.
The gnoll bouda gazes fiercely through you!
You feel as though you will be weak longer.
The gnoll bouda barks out a call to the hunt!
The gnolls pick up the pace!
The gnoll bouda hits you with a +0 club.
You climb upwards.
There is a stone staircase leading down here.
You tentacle-slap the gnoll bouda but do no damage.
You grab the gnoll bouda. You constrict the gnoll bouda.
The gnoll bouda closely misses you.
You tentacle-slap the gnoll bouda. You squeeze the gnoll bouda.
The gnoll bouda is heavily wounded.
You constrict the gnoll bouda.
The gnoll bouda hits you with a +0 club!
You are too injured to fight recklessly!
You are too injured to fight recklessly!
You are too injured to fight recklessly!
You tentacle-slap the gnoll bouda but do no damage.
The gnoll bouda is heavily wounded.
You constrict the gnoll bouda, but do no damage.
The gnoll bouda gazes fiercely through you!
You feel as though you will be weak longer.
The gnoll bouda hits you with a +0 club.
* * * LOW HITPOINT WARNING * * *
You tentacle-slap the gnoll bouda.
The gnoll bouda is heavily wounded.
You constrict the gnoll bouda. The gnoll bouda completely misses you.
You tentacle-slap the gnoll bouda but do no damage.
The gnoll bouda is severely wounded.
You constrict the gnoll bouda. The gnoll bouda closely misses you.
You tentacle-slap the gnoll bouda but do no damage.
The gnoll bouda is severely wounded.
You constrict the gnoll bouda.
The gnoll bouda gazes fiercely through you!
You feel as though you will be weak longer.
The gnoll bouda hits you with a +0 club.
You die...

####.#.# #.# #......#
#.# #####.##.###
#.###### #........#
#......#
#.###.#########.####.#
#.##..................
#.##..######..........
#.##.g######.###.#####
#.##.h...........#####
#.##.#######.###......
#.##.# #.# #......
#.##.# #.# #......
#.##.## #.# #.#####
#..#..# #.# #.#####
##)##.# #.# #......
#.##.# #.# ###.###
#.##.# #.####...##


You could see a gnoll bouda.

Vanquished Creatures
  3 dart slugs (D:1)
  An orc (D:1)
  A bat (D:1)
  2 endoplasms (D:1)
  A goblin (D:1)
  2 ball pythons (D:1)
  3 frilled lizards (D:1)
  A rat (D:1)
14 creatures vanquished.

Notes
Turn   | Place    | Note
-------+----------+-------------------------------------------
     0 | D:1      | warriortoast the Octopode Shapeshifter began the quest for
                  | the Orb.
     0 | D:1      | Reached XP level 1. HP: 13/13 MP: 1/1
   139 | D:1      | Reached skill level 1 in Stealth
   139 | D:1      | Reached XP level 2. HP: 18/18 MP: 2/2
   819 | D:1      | Slain by a gnoll bouda

Illustrated notes

Levels and vault maps discovered:
D:1:      ldierk_walled_garden_2, layout_loops_ring, grunt_decor_one_mirror,
          chequers_jeans, serial_bayou_pond_b
D:2:      layout_loops_ring, minmay_misc_feat_five, uniq_crazy_yiuf_cottage

Skill      XL: |  1 |
---------------+----+-----
Stealth        | 1 |  1.5
Fighting       | |  1.5
Dodging        | |  2.0
Unarmed Combat | |  3.2
Shapeshifting  | |  3.2

Action                     || total
---------------------------++-------
  Melee: Unarmed           ||    32
         Constrict         ||    11
         Tentacles         ||     6
         Punch             ||     1
   Stab: Sleeping          ||     3
 Armour: Skin              ||    16
  Dodge: Dodged            ||    12

Table legend: (Time is in decaauts)
 A = Elapsed time spent in this place.
 B = Non-inter-level travel time spent in this place.
 C = Inter-level travel time spent in this place.
 D = Time resting spent in this place.
 E = Time spent auto-exploring this place.
 F = Levels seen in this place.
 G = Mean time per level.
                   A        B        C        D        E       F      G
               +--------+--------+--------+--------+--------+-----+--------+
         Total |    818 |    773 |     45 |     11 |    638 |   2 |  409.0 |
       Dungeon |    818 |    773 |     45 |     11 |    638 |   2 |  409.0 |
               +--------+--------+--------+--------+--------+-----+--------+

Top non-repeatable levels by time:
     D:1: 805 daAuts
     D:2: 12 daAuts
